 Dungeon Crawl Stone Soup version 0.17.0-24-gcfadda4 (webtiles) character file.

34812 ketsa the Cleaver (level 13, -4/104 HPs)
             Began as a Demonspawn Abyssal Knight on Nov 16, 2015.
             Was a High Priest of Lugonu.
             Splashed by an oklob plant's acid (8 damage)
             ... on level 4 of the Lair of Beasts.
             The game lasted 01:16:33 (22390 turns).

ketsa the Cleaver (Demonspawn Abyssal Knight)      Turns: 22390, Time: 01:16:34

Health: -4/104     AC: 23    Str: 22    XL:     13   Next: 44%
Magic:  22/22      EV:  8    Int: 14    God:    Lugonu [*****.]
Gold:   1154       SH:  0    Dex:  9    Spells: 0 memorised, 12 levels left

rFire  . . .     SeeInvis +     C - +4 hand axe (elec)
rCold  . . .     Clarity  +     n - +0 plate armour (curse)
rNeg   . . .     SustAt   .     (no shield)
rPois  .         Gourm    .     G - +2 helmet of the Republic {+Blink rElec SInv}
rElec  +         Spirit   .     w - +2 cloak {+Inv}
rCorr  .         Warding  .     V - +0 pair of gloves
rMut   .         Stasis   .     Y - +1 pair of boots
MR     +....                    O - amulet of clarity
Stlth  ..........               f - +4 ring of strength
                                Z - ring of protection from magic

@: corroded equipment, somewhat resistant to hostile enchantments, extremely
unstealthy
A: claws 2, rough black scales 3, foul stench 1, spiny 1, rot immunity
a: Depart the Abyss, Bend Space, Banish, Corrupt, Enter the Abyss, Renounce
Religion, Evoke Blink, Evoke Invisibility


You were on level 4 of the Lair of Beasts.
You worshipped Lugonu.
Lugonu was extremely pleased with you.
You were not hungry.

You visited 5 branches of the dungeon, and saw 19 of its levels.
You visited the Abyss 1 time.
You also visited: Labyrinth, Ossuary and Volcano.

You collected 1154 gold pieces.

Inventory:

Hand Weapons
 y - a cursed -1 blowgun
 C - a +4 hand axe of electrocution (weapon)
 U - a +0 morningstar of venom
Missiles
 i - 22 tomahawks (quivered)
 p - 49 poisoned needles
 J - 3 curare-tipped needles
Armour
 k - a +2 cloak of fire resistance
 n - a cursed +0 plate armour (worn)
 u - a +2 hat
 w - a +2 cloak of invisibility (worn)
 z - a mottled dragon hide
 G - the +2 helmet of the Republic (worn) {+Blink rElec SInv}
   (You found it in a labyrinth)

   It insulates you from electricity.
   It lets you see invisible.
   It lets you blink.
 P - a +3 ring mail of fire resistance
 V - a +0 pair of gloves (worn)
 Y - a +1 pair of boots (worn)
Rods
 A - a +2 iron rod (15/15)
   (You found it on level 10 of the Dungeon)
Jewellery
 f - a +4 ring of strength (right hand)
 j - an uncursed ring of sustain attributes
 t - an uncursed amulet of regeneration
 x - an uncursed ring of protection from magic
 O - an amulet of clarity (around neck)
 T - an uncursed ring of fire
 W - an uncursed ring of positive energy
 Z - a ring of protection from magic (left hand)
Wands
 h - a wand of teleportation (4)
 l - a wand of digging (6)
 r - a wand of enslavement (2)
Scrolls
 d - 10 scrolls of enchant weapon
 e - 8 scrolls of teleportation
 o - 2 scrolls of remove curse
 s - 4 scrolls of immolation
 B - a scroll of summoning {unknown}
 D - a scroll of identify
 E - 2 scrolls of noise
 M - a scroll of fog
 N - a scroll of vulnerability {unknown}
Potions
 a - a potion of flight
 b - 5 potions of berserk rage
 q - 2 potions of cure mutation
 F - a potion of curing
 H - 5 potions of poison {unknown}
 I - 3 potions of heal wounds {unknown}
 K - 3 potions of mutation {unknown}
 L - 2 potions of magic {unknown}
 Q - a potion of brilliance
 S - a potion of invisibility
Miscellaneous
 R - a stone of tremors
Comestibles
 c - 6 bread rations
 g - 9 fruits
 m - 2 meat rations


   Skills:
 + Level 10.6 Fighting
 * Level 12.8 Axes
 + Level 9.5 Armour
 - Level 5.0 Dodging
 + Level 12.7 Invocations
 + Level 4.2 Evocations


You had 12 spell levels left.
You didn't know any spells.

Dungeon Overview and Level Annotations

Branches:
Dungeon (11/15)            Temple (1/1) D:5            Lair (5/8) D:11
 Shoals (1/4) Lair:4        Snake (1/4) Lair:4
    Orc: D:9-12

Altars:
Ashenzari
Cheibriados
Dithmenos
Elyvilon
Fedhas
Gozag
Kikubaaqudgha
Makhleb
Nemelex Xobeh
Okawaru
Qazlal
Ru
Sif Muna
Trog
Vehumet
Xom
Yredelemnul
Zin
The Shining One

Shops:
D:5 (   D:11 }

Portals:
Trove: D:10 (give 2 potions of cure mutation)

Annotations:
D:9 exclusion: downstairs
Lair:4 exclusion: 4 oklob plants
Abyss:1 Snorg, Sonja


Innate Abilities, Weirdness & Mutations

You have very sharp fingernails.
You are completely covered in rough black scales (AC +10, Dex -3).
You may emit foul miasma when damaged in melee.
You are partially covered in sharp spines.
You are immune to rotting.


Message History

The splash of acid hits you! The acid corrodes you!
The acid burns!
You hit the oklob plant.
The oklob plant is severely damaged.
You hit the oklob plant but do no damage.
The oklob plant is lightly damaged.
You hit the oklob plant.
There is a sudden explosion of sparks!
The oklob plant is almost destroyed.
You hit the oklob plant but do no damage.
The oklob plant is lightly damaged.
The oklob plant spits acid at you. The splash of acid hits you!
The acid burns!
* * * LOW HITPOINT WARNING * * *
The oklob plant spits acid at you. The splash of acid hits you!
The acid corrodes you!
The acid burns!
* * * LOW HITPOINT WARNING * * *
The oklob plant spits acid at you. The splash of acid hits you!
* * * LOW HITPOINT WARNING * * *
The acid burns!
You die...

#####.###P#.......>.## ### #.#
..........'.......>#.####.#####..
..........#.......>..............
######.####......####.####PP.....
# ### #≈....≈# ##.# ###P....
#≈.≈.≈≈# *#######.... ###
#..P.PP# ####.##.##....
######P#######.####.##.##..#....
##.##...:P####..@......>.........
.................................
#.#####.P#P#..P#####.#.###P......
### ######..## ##### ###.....
#..P# #...... #..## ##..... ##.#
#...... ### #..#### ### ##.....
######.######.##.#####.####......


You could see 2 oklob plants.

Vanquished Creatures
  Josephine (Lair:5)
  A minotaur (Lab)
  Fannar (D:10)
  Harold (D:10)
  The ghost of ketsa the Cleaver, a journeyman HuBe of Trog (D:9)
  A centaur warrior (D:11)
  2 death yaks (Lair:4)
  An unseen horror (D:11)
  Pikel (D:8)
  A hill giant (D:9)
  2 manticores
  A griffon (Lair:3)
  2 cyclopes
  Maurice (D:8)
  5 elephants (Lair:4)
  2 black mambas (Lair:2)
  Psyche (D:8)
  7 spiny frogs
  3 kobold demonologists
  3 komodo dragons
  A troll (D:9)
  A two-headed ogre (D:11)
  12 blink frogs
  Sigmund (D:5)
  A trapdoor spider (D:11)
  6 wraiths
  8 yaks
  2 wyverns
  2 mottled dragons
  4 nagas (Lair:4)
  2 basilisks
  6 fire bats (Volcano)
  4 hippogriffs
  2 hungry ghosts (D:11)
  Edmund (D:5)
  6 water moccasins
  A hell hound (Volcano)
  6 porcupines
  A slave (D:8)
  3 ice beasts
  An eye of draining (D:9)
  3 soldier ants
  A black bear (D:10)
  4 ogres
  A wasp (D:10)
  A sky beast (D:9)
  An orc warrior (D:11)
  A spider (D:10)
  2 necrophages
  10 centaurs
  9 crocodiles
  3 big kobolds
  Blork the orc (D:5)
  14 giant frogs
  4 scorpions
  A water moccasin skeleton (D:11)
  6 killer bees
  2 electric eels
  3 centaur zombies
  2 crimson imps
  16 wights
  8 hounds
  A human zombie (Ossuary)
  2 jellies
  Ijyb (D:3)
  7 orc wizards
  A centaur skeleton (D:4)
  2 iguanas
  4 orc priests
  2 giant frog skeletons
  12 worker ants
  15 sheep
  5 mummies (Ossuary)
  3 hound skeletons
  4 gnolls (D:10)
  2 worker ant zombies
  12 adders
  47 river rats
  3 shadow imps
  An adder zombie (D:5)
  2 adder skeletons (D:9)
  4 worms
  8 giant geckos
  38 orcs
  7 bats
  5 giant cockroaches
  A gnoll zombie (Ossuary)
  8 goblins
  10 hobgoblins
  4 quokkas
  A giant gecko zombie (D:7)
  5 giant newts
  A goblin zombie (Ossuary)
  4 hobgoblin zombies (Ossuary)
  12 jackals
  A jackal skeleton (D:8)
  17 kobolds
  7 rats
  4 fungi
465 creatures vanquished.

Vanquished Creatures (others)
  3 hydras
  An ugly thing (D:11)
  2 trolls
  A boulder beetle (Lair:4)
  A hungry ghost (D:10)
  The ghost of M4edhros the Sneak, an amateur OpAr (Ossuary)
  A slave (D:8)
  A centaur (D:8)
  A water moccasin zombie (D:8)
  An adder (D:8)
  4 fungi
  16 plants (D:11)
33 creatures vanquished.

Grand Total: 498 creatures vanquished

Notes
Turn   | Place    | Note
--------------------------------------------------------------
     0 | Abyss:1  | ketsa the Demonspawn Abyssal Knight began the quest for the Orb.
     0 | Abyss:1  | Reached XP level 1. HP: 18/18 MP: 2/2
    73 | D:1      | Escaped the Abyss
   276 | D:1      | Gained mutation: You have sharp fingernails. [demonic ancestry]
   276 | D:1      | Reached XP level 2. HP: 20/24 MP: 3/3
   507 | D:1      | Reached ** piety under Lugonu
  1066 | D:1      | Reached XP level 3. HP: 29/29 MP: 5/5
  2162 | D:3      | Reached XP level 4. HP: 18/36 MP: 6/6
  2175 | D:3      | Reached *** piety under Lugonu
  2641 | D:3      | Reached skill level 4 in Invocations
  2839 | D:3      | Noticed Ijyb
  2934 | D:3      | Killed Ijyb
  2934 | D:3      | Gained mutation: You are immune to rotting. [demonic ancestry]
  2934 | D:3      | Reached XP level 5. HP: 32/42 MP: 8/8
  3548 | D:4      | Gained mutation: You are partially covered in rough black scales (AC +4, Dex -1). [demonic ancestry]
  3548 | D:4      | Reached XP level 6. HP: 40/48 MP: 9/9
  3704 | D:4      | Reached **** piety under Lugonu
  3843 | D:4      | Reached skill level 5 in Invocations
  3880 | D:4      | Found a sand-covered staircase.
  3888 | Ossuary  | Entered an ossuary
  3896 | Ossuary  | Noticed M4edhros's ghost (amateur OpAr)
  3898 | Ossuary  | Banished M4edhros's ghost
  3942 | Ossuary  | Reached XP level 7. HP: 41/55 MP: 10/10
  4296 | D:4      | Reached skill level 5 in Axes
  4625 | D:5      | Entered Level 5 of the Dungeon
  4646 | D:5      | Found a staircase to the Ecumenical Temple.
  4662 | D:5      | Reached skill level 5 in Fighting
  4662 | D:5      | Reached skill level 6 in Invocations
  4745 | Temple   | Entered the Ecumenical Temple
  4999 | D:5      | Reached XP level 8. HP: 62/62 MP: 12/12
  5067 | D:5      | Reached ***** piety under Lugonu
  5258 | D:5      | Found Paneeth's Antique Weapon Boutique.
  5300 | D:5      | Noticed Sigmund
  5317 | D:5      | Killed Sigmund
  5370 | D:5      | Noticed Blork the orc
  5391 | D:5      | Killed Blork the orc
  5546 | D:5      | Noticed Edmund
  5556 | D:5      | Killed Edmund
  5556 | D:5      | Reached skill level 7 in Invocations
  6439 | D:6      | Reached skill level 5 in Armour
  6858 | D:7      | Found a radiant altar of Vehumet.
  6859 | D:7      | Found an opulent altar of Gozag.
  6979 | D:7      | Gained mutation: You have very sharp fingernails. [demonic ancestry]
  6979 | D:7      | Reached XP level 9. HP: 62/69 MP: 14/14
  7327 | D:8      | Noticed Psyche
  7341 | D:8      | Killed Psyche
  7438 | D:8      | Noticed Pikel
  7474 | D:8      | Killed Pikel
  7474 | D:8      | Reached skill level 8 in Invocations
  7681 | D:8      | Found a shadowy altar of Dithmenos.
  7722 | D:8      | Noticed Maurice
  7736 | D:8      | Killed Maurice
  7980 | D:8      | Found a bloodstained altar of Trog.
  8248 | D:9      | Found a blossoming altar of Fedhas.
  8323 | D:10     | Entered Level 10 of the Dungeon
  8643 | D:9      | Reached skill level 9 in Invocations
  8643 | D:9      | Gained mutation: You are mostly covered in rough black scales (AC +7, Dex -2). [demonic ancestry]
  8643 | D:9      | Reached XP level 10. HP: 39/79 MP: 16/16
  8985 | D:9      | Noticed ketsa's ghost (journeyman HuBe)
  9038 | D:9      | Killed ketsa's ghost
  9501 | D:9      | Reached skill level 1 in Dodging
 10191 | D:10     | Noticed a cyclops
 11030 | D:10     | Reached skill level 10 in Invocations
 11081 | D:10     | Found a portal to a secret trove of treasure.
 11082 | D:10     | Noticed Fannar
 11082 | D:10     | Noticed a hill giant
 11110 | D:9      | Killed a hill giant
 11269 | D:9      | Gained mutation: You are completely covered in rough black scales (AC +10, Dex -3). [demonic ancestry]
 11269 | D:9      | Reached XP level 11. HP: 78/86 MP: 18/18
 11438 | D:10     | Killed a cyclops
 11528 | D:10     | Reached skill level 10 in Axes
 11574 | D:10     | Noticed Harold
 11622 | D:10     | Killed Harold
 11925 | D:10     | Noticed Snorg
 11932 | D:10     | Banished Snorg
 12481 | D:10     | Killed Fannar
 13251 | D:11     | Found a staircase to the Lair.
 13370 | D:11     | Found Axke's Gadget Emporium.
 13794 | D:11     | Got a crude spear
 13870 | D:11     | Noticed an eight-headed hydra
 14023 | D:11     | Killed an unseen horror
 14054 | D:11     | Got a crude falchion
 14078 | D:11     | Got a scorched rapier
 14079 | D:11     | Identified the +6 spear of Gozag's Pride {pierce, MR+} (You found it on level 11 of the Dungeon)
 14080 | D:11     | Identified the +8 falchion of Integrity {slice, rN+ MR++ Int-2 Stlth+} (You found it on level 11 of the Dungeon)
 14081 | D:11     | Identified the cursed +2 rapier of Jaorph {drain, *Contam rPois Str+4} (You found it on level 11 of the Dungeon)
 14203 | D:11     | Noticed a soul eater
 14225 | D:11     | Banished an eight-headed hydra
 14334 | D:11     | Noticed a centaur warrior
 14345 | D:11     | Killed a centaur warrior
 14345 | D:11     | Reached skill level 11 in Invocations
 14716 | D:11     | Reached skill level 5 in Dodging
 14792 | D:11     | Noticed Sonja
 15067 | D:11     | Banished Sonja
 15067 | D:11     | Gained mutation: You are partially covered in sharp spines. [demonic ancestry]
 15067 | D:11     | Reached XP level 12. HP: 82/95 MP: 20/20
 15685 | Lair:1   | Entered Level 1 of the Lair of Beasts
 17851 | Lair:2   | Reached skill level 1 in Evocations
 17966 | Lair:2   | You fall through a shaft for 2 floors!
 18075 | Lair:4   | Found a labyrinth entrance.
 18093 | Lab      | Entered a labyrinth
 18335 | Lab      | Noticed a minotaur
 18347 | Lab      | Killed a minotaur
 18397 | Lab      | Identified the Disquisition on Displaced Shape Shifting
 18400 | Lab      | Got a shimmering helmet
 18411 | Lab      | Identified the +2 helmet of the Republic {+Blink rElec SInv} (You found it in a labyrinth)
 18414 | Lab      | Identified Lee's Grimoire of the Rocks
 18892 | Lair:4   | Found a staircase to the Shoals.
 18996 | Lair:4   | Reached skill level 10 in Fighting
 18996 | Lair:4   | Reached skill level 12 in Axes
 19120 | Shoals:1 | Entered Level 1 of the Shoals
 19220 | Lair:4   | Found a staircase to the Snake Pit.
 19253 | Snake:1  | Entered Level 1 of the Snake Pit
 19443 | Lair:4   | Noticed a six-headed hydra
 19444 | Lair:4   | Banished a six-headed hydra
 20159 | Lair:4   | Gained mutation: You may emit foul miasma when damaged in melee. [demonic ancestry]
 20159 | Lair:4   | Reached XP level 13. HP: 103/103 MP: 22/22
 20623 | Lair:5   | Noticed Josephine
 20637 | Lair:5   | Killed Josephine
 20962 | Lair:5   | Found a dark tunnel.
 20988 | Volcano  | Entered a volcano
 21054 | Volcano  | Reached ****** piety under Lugonu
 22390 | Lair:4   | HP: 4/104 [oklob plant/splash of acid (9)]
 22390 | Lair:4   | Splashed by an oklob plant's acid

Action                   |  1- 3 |  4- 6 |  7- 9 | 10-12 | 13-15 || total
-------------------------+-------+-------+-------+-------+-------++-------
Melee: Hand axe          |   159 |   227 |   314 |   866 |   210 ||  1776
Throw: Stone             |       |       |     3 |       |       ||     3
       Tomahawk          |       |       |     1 |     6 |     7 ||    14
Invok: Banish            |       |     1 |       |    16 |     5 ||    22
Evoke: Rod               |       |       |       |     1 |       ||     1
       Wand              |       |       |       |     1 |     3 ||     4
  Use: Scroll            |       |     1 |    19 |    18 |     3 ||    41
       Potion            |       |       |     1 |     6 |       ||     7
  Eat: Chunk             |     4 |     6 |    15 |    25 |     7 ||    57
       Fruit             |       |       |     1 |     6 |       ||     7
       Bread ration      |       |       |       |     1 |       ||     1
       Royal jelly       |       |       |       |     4 |       ||     4
       Meat ration       |       |       |       |     2 |     1 ||     3
